 Dungeon Crawl Stone Soup version 0.17-a0-1554-g3b847ca (webtiles) character file.

2663 emikaela the Slicer (level 9, -3/64 HPs)
             Began as a Halfling Wanderer on July 19, 2015.
             Was an Initiate of Dithmenos.
             Splashed by a jelly's acid (9 damage)
             ... on level 7 of the Dungeon.
             The game lasted 00:47:47 (9829 turns).

emikaela the Slicer (Halfling Wanderer)             Turns: 9829, Time: 00:47:48

Health: -3/64      AC: -10   Str: 10    XL:     9   Next: 94%
Magic:  18/18      EV: 11    Int: 13    God:    Dithmenos [......]
Gold:   253        SH:  6    Dex: 17    Spells: 0 memorised, 8 levels left

rFire  . . .     SeeInvis +     a - +2 dagger (holy)
rCold  . . .     Clarity  .     H - +2 ring mail "Vih Moochoest" {SInv}
rNeg   . . .     SustAt   .     i - +0 buckler
rPois  .         Gourm    .     (no helmet)
rElec  .         Spirit   .     (no cloak)
rCorr  .         Warding  .     E - +0 pair of gloves
rMut   .         Stasis   .     (no boots)
MR     .....                    (no amulet)
Stlth  +.........               (no ring)
                                q - ring of magical power

@: corroded equipment, not resistant to hostile enchantments, very unstealthy
A: mutation resistance 1
a: Renounce Religion


You were on level 7 of the Dungeon.
You worshipped Dithmenos.
Dithmenos was noncommittal.
You were not hungry.

You visited 2 branches of the dungeon, and saw 8 of its levels.

You collected 253 gold pieces.

Inventory:

Hand weapons
 a - a +2 dagger of holy wrath (weapon)
 b - a +0 blowgun
 j - a +1 short sword of draining
 o - a +0 hunting sling
 t - a +2 hand axe of freezing
 C - a +0 shortbow
 M - a +0 shortbow of evasion
 N - a cursed -2 dagger
 P - a +1 dagger of speed
Missiles
 c - 189 arrows
 f - 3 tomahawks (quivered)
 g - 209 stones
 k - 2 curare-tipped needles
 m - a throwing net
 r - 26 bolts
 w - 14 sling bullets
 y - 28 poisoned needles
 L - 14 silver bolts
Armour
 h - a +2 scale mail
 i - a +0 buckler (worn)
 E - a +0 pair of gloves (worn)
 H - the +2 ring mail "Vih Moochoest" (worn) {SInv}
   (You found it on level 5 of the Dungeon)

   It lets you see invisible.
 I - the +0 robe of Hedging {rPois}
   (You found it on level 5 of the Dungeon)

   It protects you from poison.
Jewellery
 q - a ring of magical power (left hand)
Magical devices
 v - a wand of random effects (30)
Scrolls
 d - 6 scrolls of teleportation
 l - a scroll of magic mapping
 p - a scroll of amnesia
 x - 2 scrolls of recharging
 D - a scroll of blinking
 G - 3 scrolls of remove curse
 O - a scroll of vulnerability
Potions
 n - a potion of haste
 u - a potion of resistance
 B - a potion of mutation
 J - a potion of lignification
Books
 F - a book of Spatial Translocations
Comestibles
 e - 4 bread rations
 s - 2 beef jerkies
 A - 2 meat rations


   Skills:
 - Level 7.6 Fighting
 - Level 10.0 Short Blades
 - Level 2.4 Bows
 - Level 2.6 Throwing
 - Level 5.6 Armour
 + Level 5.4 Shields


You had 8 spell levels left.
You didn't know any spells.

Dungeon Overview and Level Annotations

Branches:
Dungeon (7/15)             Temple (1/1) D:7

Altars:
Cheibriados
Dithmenos
Fedhas
Gozag
Makhleb
Nemelex Xobeh
Qazlal
Ru
Sif Muna
Trog
Vehumet
Xom
Yredelemnul
Zin
The Shining One
Lugonu

Annotations:
D:6 1 exclusion


Innate Abilities, Weirdness & Mutations

You are small and have problems with some larger weapons.
You are somewhat resistant to further mutation.


Message History

The jelly is severely wounded.
You hit the jelly but do no damage.
Your hands burn!
* * * LOW HITPOINT WARNING * * *
The jelly is severely wounded.
The jelly hits you.
* * * LOW HITPOINT WARNING * * *
You are splashed with acid!
The acid corrodes you!
The acid burns!
* * * LOW HITPOINT WARNING * * *
Quiver which item? (- for none, * to show all) (? for menu, Esc to quit)
Quivering
f - 4 tomahawks for throwing.
Throwing (i - inventory. (,) - cycle):
f - 4 tomahawks (quivered)
Press: ? - help, Shift-Dir - straight line, f - jelly
Aim: a jelly (severely wounded)
You throw a tomahawk.
The tomahawk hits the jelly but does no damage.
The jelly is severely wounded.
The jelly hits you.
* * * LOW HITPOINT WARNING * * *
You are splashed with acid!
The acid corrodes you!
The acid burns!
You die...

#.# #.#
###########.####.####
......).##..##..##.##
###.####.#....##.....#
.##..........####.#..##
............## #.##...#
...).....#.## ##.##...##
..##..##.#.####..###...#
..###.##.#.....J@.##...###.
..###..#.##..####..........
#..##..#....## ##....###. #
#..###....##.# ##..## .#.#
##.###.#.####..####.## .#.
##.....#.# #......# ..
#........# #....#.## #.#
.###.....# #...##..# ..# ##
#.....# #....###.####..#


You could see a jelly.

Vanquished Creatures
  Sigmund (D:2)
  The ghost of Rayvis the Chopper, an average MiFi (D:4)
  Menkaure (D:5)
  A hippogriff (D:6)
  An ice beast (D:4)
  An orc warrior (D:7)
  A phantom (D:4)
  3 sky beasts (D:5)
  4 ogres
  2 centaurs
  2 giant frogs
  A wyvern zombie (D:6)
  A scorpion (D:4)
  The ghost of Rayvis the Chopper, a weakling MiFi (D:3)
  3 crimson imps (D:7)
  A giant frog zombie (D:7)
  2 orc priests (D:4)
  A centaur skeleton (D:6)
  2 hounds
  2 orc wizards
  An iguana (D:5)
  4 worker ants
  A hound zombie (D:5)
  A hound skeleton (D:5)
  A worker ant zombie (D:5)
  3 gnolls (D:4)
  6 adders
  A shadow imp (D:6)
  An ooze (D:5)
  3 adder zombies
  An adder skeleton (D:2)
  4 worms
  A giant gecko (D:4)
  29 orcs
  2 bat skeletons (D:2)
  3 giant cockroaches
  13 goblins
  16 hobgoblins
  25 kobolds
  2 quokkas
  2 ball pythons (D:2)
  15 bats
  2 giant gecko zombies (D:2)
  8 giant newts
  14 jackals
  A quokka skeleton (D:5)
  10 rats
  A butterfly (D:3)
203 creatures vanquished.

Vanquished Creatures (others)
  An orc wizard (D:7)
  2 orcs (D:7)
  A bat skeleton (D:2)
  A fungus (D:5)
5 creatures vanquished.

Grand Total: 208 creatures vanquished

Notes
Turn   | Place    | Note
--------------------------------------------------------------
     0 | D:1      | emikaela the Halfling Wanderer began the quest for the Orb.
     0 | D:1      | emikaela set off with: a +2 scale mail, a +0 shortbow, 25 arrows, a scroll of teleportation, a bread ration
     0 | D:1      | Reached XP level 1. HP: 15/15 MP: 1/1
   370 | D:1      | Reached XP level 2. HP: 21/21 MP: 2/2
   862 | D:2      | Noticed Sigmund
   963 | D:2      | Reached XP level 3. HP: 21/26 MP: 3/3
  1414 | D:2      | Reached skill level 4 in Fighting
  1584 | D:2      | Found a stormy altar of Qazlal.
  1688 | D:2      | Reached XP level 4. HP: 25/33 MP: 4/4
  1708 | D:2      | Killed Sigmund
  1708 | D:2      | Reached skill level 5 in Fighting
  1708 | D:2      | Reached XP level 5. HP: 31/41 MP: 5/5
  1708 | D:2      | Reached XP level 6. HP: 35/46 MP: 6/6
  1924 | D:2      | Upgraded the game from 0.17-a0-1545-gc1bb672 to 0.17-a0-1554-g3b847ca
  2282 | D:3      | Noticed Rayvis's ghost (weakling MiFi)
  2303 | D:3      | Killed Rayvis's ghost
  2303 | D:3      | Reached skill level 6 in Fighting
  2674 | D:3      | Found a shimmering altar of Xom.
  2967 | D:3      | Found a faded altar to an unknown god.
  3892 | D:4      | Reached XP level 7. HP: 53/53 MP: 7/7
  4234 | D:4      | Noticed Rayvis's ghost (average MiFi)
  4388 | D:4      | Killed Rayvis's ghost
  4569 | D:4      | Reached skill level 7 in Fighting
  4661 | D:4      | Reached skill level 5 in Armour
  4663 | D:4      | Reached XP level 8. HP: 32/60 MP: 8/8
  5556 | D:4      | Reached skill level 1 in Short Blades
  5846 | D:5      | Entered Level 5 of the Dungeon
  5967 | D:5      | Noticed Menkaure
  6008 | D:5      | Killed Menkaure
  6226 | D:5      | Reached skill level 5 in Short Blades
  6753 | D:5      | Reached XP level 9. HP: 50/64 MP: 9/9
  6960 | D:5      | Got an ominously black robe
  6978 | D:5      | Identified the +0 robe of Hedging {rPois} (You found it on level 5 of the Dungeon)
  7244 | D:5      | Got a crude ring mail
  7255 | D:5      | Identified the +2 ring mail "Vih Moochoest" {SInv} (You found it on level 5 of the Dungeon)
  7508 | D:5      | Found a bloodstained altar of Trog.
  7558 | D:5      | Found a snail-covered altar of Cheibriados.
  7568 | D:5      | Reached skill level 8 in Short Blades
  7719 | D:5      | Found a sacrificial altar of Ru.
  7724 | D:5      | Became a worshipper of Ru the Awakened
  7836 | D:6      | Found a radiant altar of Vehumet.
  8065 | D:6      | Found a burning altar of Makhleb.
  8107 | D:6      | Reached skill level 9 in Short Blades
  8784 | D:6      | Reached skill level 10 in Short Blades
  8847 | D:6      | Reached skill level 1 in Shields
  9476 | D:7      | Reached skill level 5 in Shields
  9522 | D:7      | Found a staircase to the Ecumenical Temple.
  9531 | Temple   | Entered the Ecumenical Temple
  9672 | Temple   | Fell from the grace of Ru
  9672 | Temple   | Became a worshipper of Dithmenos the Shadowed
  9829 | D:7      | Splashed by a jelly's acid

Vault maps used:
D:1:      sevenhm_arrival_forest_fort_small_4, roderic_serpentine_path
D:2:      serial_undead, serial_undead_e, serial_undead_d, serial_undead_a,
          serial_undead_b, serial_undead_b, serial_undead_e,
          grunt_qazlal_clouds, uniq_sigmund
D:3:      xom_butterflies, ecumenical_altar_2
D:4:      first_bread
D:5:      slow_altar_2, nicolae_ru_the_path_less_chosen, lemuel_doored_altar,
          uniq_menkaure
D:6:      vehumet_crystals, overflow_temple_1_default, due_unseen_surprise
D:7:      old_standard_altar, lemuel_temple_firewalk_marked, the_bakery,
          nrook_mini_backslash, grunt_ministairs_7, grunt_dithmenos_shadows,
          uniq_pikel, uniq_crazy_yiuf_cottage
Temple:   corrupted_temple

Action                   |  1- 3 |  4- 6 |  7- 9 || total
-------------------------+-------+-------+-------++-------
Melee: Whip              |    33 |       |       ||    33
       Hand axe          |    87 |   148 |   176 ||   411
       Dagger            |       |       |   623 ||   623
 Fire: Shortbow          |    12 |    14 |    10 ||    36
       Blowgun           |       |       |    20 ||    20
       Hunting sling     |       |       |     3 ||     3
Throw: Stone             |     6 |       |       ||     6
       Tomahawk          |       |       |     7 ||     7
       Throwing net      |       |       |     1 ||     1
Invok: Reject Sacrifices |       |       |     1 ||     1
  Use: Potion            |     2 |     3 |     6 ||    11
       Scroll            |       |    10 |     6 ||    16
 Stab: Invisible         |       |       |     4 ||     4
       Held in net/web   |       |       |     1 ||     1
  Eat: Chunk             |     3 |     7 |    18 ||    28
       Royal jelly       |       |       |     1 ||     1
